 Dungeon Crawl Stone Soup version 0.24.0-1-gfbc8707 (webtiles) character file.

Game seed: 2892322907738287292, levelgen mode: deterministic

17853 Illumine the Destroyer (level 12, 0/90 (91) HPs)
             Began as a Gnoll Conjurer on Nov 16, 2019.
             Was a Believer of Ashenzari.
             Slain by a blink frog (8 damage)
             ... on level 4 of the Lair of Beasts on Nov 17, 2019.
             The game lasted 00:52:42 (19831 turns).

Illumine the Destroyer (Gnoll Conjurer)            Turns: 19831, Time: 00:52:44

HP:   0/90 (91)     AC: 10    Str: 11    XL:     12   Next: 52%
MP:   33/33         EV: 18    Int: 21    God:    Ashenzari [**....]
Gold: 815           SH:  0    Dex: 17    Spells: 2/28 levels left

rFire    + + .     SeeInvis +   n - +7 great mace "Firestarter" {inner flame, rF++} (curse)
rCold    . . .     Gourm    .   (shield currently unavailable)
rNeg     + . .     Faith    .   O - +1 robe {MR+}
rPois    .         Spirit   .   s - +0 helmet
rElec    .         Reflect  .   M - +2 cloak
rCorr    .         Harm     .   v - +1 pair of gloves
MR       +....                  (no boots)
Stlth    ++++......             q - amulet of the acrobat (curse)
HPRegen  0.25/turn              r - ring of positive energy (curse)
MPRegen  0.23/turn              H - ring "Seluimos" {MP+9 SInv} (curse)

@: no status effects
A: distributed training, fangs 1, strong nose
a: Curse Item, Scrying, Renounce Religion


You were on level 4 of the Lair of Beasts.
You worshipped Ashenzari.
Ashenzari was pleased with you.
You were not hungry.

You visited 3 branches of the dungeon, and saw 14 of its levels.

You collected 815 gold pieces.

Inventory:

Hand Weapons
 n - the cursed +7 great mace "Firestarter" (weapon) {inner flame, rF++}
   (You found it on level 3 of the Lair of Beasts)

   It has been specially enchanted to burn those struck by it, causing extra
   injury to most foes and up to half again as much damage against particularly
   susceptible opponents.
   It greatly protects you from fire.
   It has a curse placed upon it.
 B - a +3 falchion of freezing
Armour
 h - a +0 buckler
 s - a +0 helmet (worn)
 v - a +1 pair of gloves (worn)
 M - a +2 cloak (worn)
 O - a +1 robe of magic resistance (worn)
Jewellery
 g - an uncursed ring of protection from magic
 k - an uncursed ring of positive energy
 q - a cursed amulet of the acrobat (around neck)
 r - a cursed ring of positive energy (left hand)
 t - a cursed ring of protection from magic
 C - an uncursed ring of resist corrosion
 H - the cursed ring "Seluimos" (right hand) {MP+9 SInv}
   (You found it on level 7 of the Dungeon)

   [ring of magical power]

   It affects your magic capacity (+9).
   It lets you see invisible.
   It has a curse placed upon it.
 K - a +3 ring of protection
Wands
 a - a wand of acid (14)
 d - a wand of iceblast (9)
 o - a wand of enslavement (9)
 D - a wand of flame (46)
 L - a wand of polymorph (11)
Scrolls
 e - 4 scrolls of enchant armour
 m - 3 scrolls of enchant weapon
 p - 3 scrolls of magic mapping
 w - a scroll of blinking {unknown}
 x - 5 scrolls of immolation {unknown}
 y - 5 scrolls of teleportation
 z - 2 scrolls of amnesia {unknown}
 E - 2 scrolls of vulnerability {unknown}
 G - 4 scrolls of remove curse
 J - a scroll of fog
 N - a scroll of random uselessness {unknown}
Potions
 b - 2 potions of magic
 f - a potion of haste
 i - a potion of resistance
 j - a potion of agility
 l - 5 potions of curing
 u - a potion of heal wounds
 A - 5 potions of lignification
 F - 2 potions of mutation
Comestibles
 c - 19 rations


   Skills:
 + Level 7.2 Fighting
 + Level 7.2 Short Blades
 + Level 7.2 Long Blades
 + Level 7.2 Axes
 + Level 7.2(10.3) Maces & Flails
 + Level 7.2 Polearms
 + Level 7.2 Staves
 + Level 7.2 Slings
 + Level 7.2 Bows
 + Level 7.2 Crossbows
 + Level 7.2 Throwing
 + Level 7.2 Armour
 + Level 8.6 Dodging
 + Level 8.4 Stealth
 + Level 7.2 Shields
 + Level 7.2 Unarmed Combat
 + Level 8.9 Spellcasting
 + Level 9.4(11.5) Conjurations
 + Level 6.0(8.3) Hexes
 + Level 6.0(8.3) Charms
 + Level 6.0(8.3) Summonings
 + Level 6.0(8.3) Necromancy
 + Level 6.0(8.3) Translocations
 + Level 6.0(8.3) Transmutations
 + Level 6.0(8.3) Fire Magic
 + Level 6.0(8.3) Ice Magic
 + Level 6.0(8.3) Air Magic
 + Level 6.0(8.3) Earth Magic
 + Level 6.0(8.3) Poison Magic
 + Level 7.9 Invocations
 + Level 7.2(9.6) Evocations


You had 2 spell levels left.
You knew the following spells:

 Your Spells              Type           Power        Failure   Level  Hunger
a - Magic Dart            Conj           ####         1%          1    None
b - Searing Ray           Conj           ######       1%          2    None
c - Dazzling Spray        Conj/Hex       ######       1%          3    None
d - Iskenderun's Mystic   Conj           ######..     1%          4    ###....
e - Fulminant Prism       Conj/Hex       ######....   1%          4    ###....
f - Sticky Flame          Conj/Fire      ######..     1%          4    ###....
g - Summon Lightning Spi  Summ/Air       #####...     2%          4    ###....
h - Summon Ice Beast      Ice/Summ       #####...     2%          4    ###....

Your spell library contained the following spells:

 Spells                   Type           Power        Failure   Level  Hunger
 Flame Tongue             Conj/Fire      #####        1%          1    None
 Infusion                 Chrm           ####         1%          1    None
 Shock                    Conj/Air       ####         1%          1    None
 Summon Small Mammal      Summ           ####         1%          1    None
 Call Imp                 Summ           #####...     1%          2    None
 Swiftness                Chrm/Air       #####...     1%          2    None
 Throw Flame              Conj/Fire      ######       1%          2    None
 Call Canine Familiar     Summ           #####...     1%          3    None
 Conjure Flame            Conj/Fire      ######..     1%          3    None
 Inner Flame              Hex/Fire       #####...     1%          3    None
 Static Discharge         Conj/Air       ######..     1%          3    None
 Summon Guardian Golem    Hex/Summ       #####...     1%          3    None
 Force Lance              Conj/Tloc      ######..     1%          4    ###....
 Airstrike                Air            #####.....   2%          4    ###....
 Leda's Liquefaction      Hex/Erth       #####.....   2%          4    ###....
 Fireball                 Conj/Fire      ######....   3%          5    #####..
 Lightning Bolt           Conj/Air       ######....   3%          5    #####..
 Bolt of Magma            Conj/Fire/Erth #####.....   4%          5    #####..
 Iron Shot                Conj/Erth      ######....   19%         6    ######.
 Statue Form              Tmut/Erth      #####....    34%         6    ######.
 Ignition                 Fire           #####.....   100%        8    #######
 Shatter                  Erth           #####.....   100%        9    #######


Dungeon Overview and Level Annotations

Branches:
Dungeon (9/15)             Temple (1/1) D:7            Lair (4/6) D:9
 Spider (0/4) Lair:2
  Swamp: Lair:2-4    Shoals: Lair:2-4       Orc: D:9-12

Altars:
Ashenzari
Cheibriados
Dithmenos
Elyvilon
Fedhas
Gozag
Hepliaklqana
Kikubaaqudgha
Makhleb
Nemelex Xobeh
Okawaru
Qazlal
Ru
Sif Muna
Trog
Uskayaw
Vehumet
Wu Jian
Xom
Yredelemnul
Zin
The Shining One
Beogh


Innate Abilities, Weirdness & Mutations

Your experience applies equally to all skills.
You have very sharp teeth.
Your uncanny sense of smell can sniff out nearby items.


Message History

The blink frog hits you!
The blink frog blinks!
You miss the blink frog.
The blink frog is almost dead.
The blink frog's inner flame fades away.
The blink frog misses you. The blink frog hits you!
The blink frog blinks!
The blink frog hits you! The blink frog completely misses you.
All of the chunks of flesh in your inventory have rotted away.
You hit the blink frog. You burn the blink frog.
The blink frog is filled with an inner flame.
The blink frog is lightly wounded.
The blink frog hits you! x2
* * * LOW HITPOINT WARNING * * *
Unknown command.
You completely miss the blink frog. You bite the blink frog.
The blink frog is lightly wounded.
The blink frog's inner flame fades away.
The blink frog hits you!
* * * LOW HITPOINT WARNING * * *
The blink frog blinks! x2; The blink frog hits you!
You die...

** * * * * ∆ ,,.##
* * **.P##. *
####....## *
####P..#.#+.# ** *
##...........## ,
#.....F......P# , ,
, **##....§......##
* , ,
##....@F......#.#,
, #.....§..........
,
,#........F.....#*
, , ,
#..+...........#.#*
,#..##...........+
####P............#*
,, , *
#####.PP####### * *
,* #####


You could see 3 blink frogs.

Vanquished Creatures
  A two-headed ogre (D:8)
  An orb spider (Lair:2)
  4 oklob plants (Lair:1)
  Maurice (D:8)
  A black mamba (Lair:3)
  2 spiny frogs (Lair:1)
  5 komodo dragons
  A rime drake (Lair:2)
  2 trolls (D:9)
  4 blink frogs
  5 hippogriffs
  A basilisk (Lair:3)
  13 yaks
  2 steam dragons
  4 water moccasins
  Duvessa (D:6)
  4 porcupines
  2 hornet zombies
  4 orc warriors
  2 black bears (D:9)
  3 sky beasts
  4 ogres
  3 necrophages (D:7)
  A phantom (D:8)
  2 ice beasts
  5 wolves
  2 centaurs (D:6)
  12 crocodiles
  11 bullfrogs
  A wyvern zombie (D:7)
  Dowan (D:6)
  4 scorpions
  9 wights
  2 electric eels
  2 howler monkeys
  3 crimson imps
  2 bullfrog zombies (D:8)
  2 centaur zombies
  4 hounds
  6 orc priests
  4 jellies
  A bullfrog skeleton (D:5)
  12 orc wizards
  7 iguanas
  9 worker ants
  A killer bee zombie (D:7)
  2 hound skeletons
  A mummy (D:7)
  A howler monkey zombie (D:7)
  Robin (D:2)
  3 gnolls (D:2)
  A howler monkey skeleton (D:5)
  12 adders
  A shadow imp (D:5)
  An ooze (D:2)
  An adder zombie (D:6)
  2 worms (D:3)
  2 dart slugs (D:1)
  6 leopard geckos
  52 orcs
  5 giant cockroaches
  9 goblins
  13 hobgoblins
  13 jackals
  5 kobolds
  3 quokkas
  2 ball pythons
  13 bats
  4 frilled lizards
  A jackal zombie (D:9)
  A leopard gecko zombie (D:7)
  A quokka skeleton (D:5)
  10 rats
  8 plants
347 creatures vanquished.

Vanquished Creatures (collateral kills)
  Nergalle (Lair:1)
  A hippogriff (Lair:3)
2 creatures vanquished.

Vanquished Creatures (others)
  A hippogriff (Lair:1)
  50 fulminant prisms
  2 fungi
  2 plants
55 creatures vanquished.

Grand Total: 404 creatures vanquished

Notes
Turn   | Place    | Note
-------+----------+-------------------------------------------
     0 | D:1      | Illumine the Gnoll Conjurer began the quest for the Orb.
     0 | D:1      | Reached XP level 1. HP: 13/13 MP: 6/6
    97 | D:1      | Reached XP level 2. HP: 19/19 MP: 3/7
   180 | D:1      | Learned a level 2 spell: Searing Ray
   481 | D:1      | Reached XP level 3. HP: 25/25 MP: 7/9
   558 | D:1      | Reached skill level 5 in Spellcasting
   563 | D:1      | Learned a level 3 spell: Dazzling Spray
   926 | D:2      | Reached skill level 1 in Invocations
   941 | D:2      | Found a blossoming altar of Fedhas.
  1063 | D:2      | Reached skill level 1 in Fighting
  1063 | D:2      | Reached skill level 1 in Short Blades
  1063 | D:2      | Reached skill level 1 in Long Blades
  1063 | D:2      | Reached skill level 1 in Axes
  1063 | D:2      | Reached skill level 1 in Maces & Flails
  1063 | D:2      | Reached skill level 1 in Polearms
  1063 | D:2      | Reached skill level 1 in Staves
  1063 | D:2      | Reached skill level 1 in Slings
  1063 | D:2      | Reached skill level 1 in Bows
  1063 | D:2      | Reached skill level 1 in Crossbows
  1063 | D:2      | Reached skill level 1 in Throwing
  1063 | D:2      | Reached skill level 1 in Armour
  1063 | D:2      | Reached skill level 1 in Shields
  1063 | D:2      | Reached skill level 1 in Unarmed Combat
  1063 | D:2      | Reached skill level 1 in Evocations
  1087 | D:2      | Reached XP level 4. HP: 32/32 MP: 6/11
  1210 | D:2      | Reached skill level 1 in Hexes
  1210 | D:2      | Reached skill level 1 in Charms
  1210 | D:2      | Reached skill level 1 in Summonings
  1210 | D:2      | Reached skill level 1 in Necromancy
  1210 | D:2      | Reached skill level 1 in Translocations
  1210 | D:2      | Reached skill level 1 in Transmutations
  1210 | D:2      | Reached skill level 1 in Fire Magic
  1210 | D:2      | Reached skill level 1 in Ice Magic
  1210 | D:2      | Reached skill level 1 in Air Magic
  1210 | D:2      | Reached skill level 1 in Earth Magic
  1210 | D:2      | Reached skill level 1 in Poison Magic
  1336 | D:2      | Noticed Robin
  1490 | D:2      | Killed Robin
  1490 | D:2      | Reached XP level 5. HP: 37/37 MP: 7/12
  1737 | D:2      | Found a faded altar of an unknown god.
  1737 | D:2      | Found a sacrificial altar of Ru.
  1744 | D:2      | Found an opulent altar of Gozag.
  1749 | D:2      | Found an ornate altar of the Wu Jian Council.
  1751 | D:2      | Found a white marble altar of Elyvilon.
  2930 | D:3      | Reached XP level 6. HP: 44/44 MP: 2/13
  3329 | D:4      | Reached skill level 5 in Dodging
  3850 | D:4      | Reached XP level 7. HP: 50/50 MP: 6/15
  4066 | D:5      | Entered Level 5 of the Dungeon
  4445 | D:5      | Reached skill level 5 in Stealth
  4664 | D:5      | Reached XP level 8. HP: 57/57 MP: 10/16
  4751 | D:4      | Learned a level 4 spell: Iskenderun's Mystic Blast
  6697 | D:6      | Reached XP level 9. HP: 53/65 MP: 7/18
  6986 | D:6      | Noticed Duvessa
  7007 | D:6      | Noticed Dowan
  7014 | D:6      | Killed Duvessa
  7125 | D:6      | Killed Dowan
  8089 | D:7      | Reached skill level 8 in Conjurations
  8098 | D:7      | Got a brightly glowing iron ring
  8116 | D:7      | Identified the ring "Seluimos" {MP+9 SInv} (You found it on
                  | level 7 of the Dungeon)
  8292 | D:7      | Found a staircase to the Ecumenical Temple.
  8302 | Temple   | Entered the Ecumenical Temple
  8349 | Temple   | Became a worshipper of Ashenzari the Shackled
  9066 | D:8      | Reached skill level 5 in Invocations
  9627 | D:8      | Found a shadowy altar of Dithmenos.
  9642 | D:8      | Found a snail-covered altar of Cheibriados.
  9733 | D:8      | Noticed a two-headed ogre
  9743 | D:8      | Killed a two-headed ogre
  9743 | D:8      | Reached XP level 10. HP: 47/72 MP: 0/20
 10023 | D:8      | Reached skill level 5 in Fighting
 10023 | D:8      | Reached skill level 5 in Short Blades
 10023 | D:8      | Reached skill level 5 in Long Blades
 10023 | D:8      | Reached skill level 5 in Axes
 10023 | D:8      | Reached skill level 5 in Maces & Flails
 10023 | D:8      | Reached skill level 5 in Polearms
 10023 | D:8      | Reached skill level 5 in Staves
 10023 | D:8      | Reached skill level 5 in Slings
 10023 | D:8      | Reached skill level 5 in Bows
 10023 | D:8      | Reached skill level 5 in Crossbows
 10023 | D:8      | Reached skill level 5 in Throwing
 10023 | D:8      | Reached skill level 5 in Armour
 10023 | D:8      | Reached skill level 5 in Shields
 10023 | D:8      | Reached skill level 5 in Unarmed Combat
 10023 | D:8      | Reached skill level 5 in Evocations
 10215 | D:8      | Found a bloodstained altar of Trog.
 10947 | D:8      | Noticed Maurice
 10971 | D:8      | Killed Maurice
 11228 | D:8      | Found a shimmering altar of Xom.
 11380 | D:8      | Found a hide-covered altar of Uskayaw.
 11575 | D:9      | Learned a level 4 spell: Fulminant Prism
 11619 | D:9      | Found a white marble altar of Elyvilon.
 12485 | D:9      | Reached * piety under Ashenzari
 12626 | D:9      | Reached XP level 11. HP: 80/80 MP: 21/22
 12872 | D:9      | Found a staircase to the Lair.
 13053 | D:9      | Found a roughly hewn altar of Beogh.
 13699 | Lair:1   | Entered Level 1 of the Lair of Beasts
 13744 | Lair:1   | Noticed Nergalle
 14039 | Lair:1   | Reached skill level 5 in Hexes
 14039 | Lair:1   | Reached skill level 5 in Charms
 14039 | Lair:1   | Reached skill level 5 in Summonings
 14039 | Lair:1   | Reached skill level 5 in Necromancy
 14039 | Lair:1   | Reached skill level 5 in Translocations
 14039 | Lair:1   | Reached skill level 5 in Transmutations
 14039 | Lair:1   | Reached skill level 5 in Fire Magic
 14039 | Lair:1   | Reached skill level 5 in Ice Magic
 14039 | Lair:1   | Reached skill level 5 in Air Magic
 14039 | Lair:1   | Reached skill level 5 in Earth Magic
 14039 | Lair:1   | Reached skill level 5 in Poison Magic
 14045 | Lair:1   | Killed Nergalle
 15035 | Lair:1   | Reached ** piety under Ashenzari
 15300 | Lair:1   | Reached skill level 9 in Conjurations
 15608 | Lair:1   | Noticed an oklob plant
 15608 | Lair:1   | Noticed an oklob plant
 16192 | Lair:1   | Killed an oklob plant
 16326 | Lair:1   | Noticed an oklob plant
 16326 | Lair:1   | Noticed an oklob plant
 16614 | Lair:1   | Killed an oklob plant
 16617 | Lair:1   | Killed an oklob plant
 16620 | Lair:1   | Killed an oklob plant
 16973 | Lair:2   | Reached XP level 12. HP: 80/88 MP: 24/24
 17023 | Lair:2   | Identified the Grimoire of the Boosting Arsonist
 17073 | Lair:2   | Learned a level 4 spell: Sticky Flame
 17197 | Lair:2   | Found a hole to the Spider Nest.
 18257 | Lair:3   | Learned a level 4 spell: Summon Lightning Spire
 18262 | Lair:3   | Learned a level 4 spell: Summon Ice Beast
 18441 | Lair:3   | Found the +7 great mace "Firestarter" {inner flame, rF++}
 19831 | Lair:4   | Slain by a blink frog

Levels and vault maps discovered:
D:1:      scummos_arrival_hexagon, layout_basic, chequers_serial_rivers_micro_d,
          minmay_misc_feat_more_columns
D:2:      layout_loops_ring, chequers_temple_overflow_minitemple,
          fedhas_ov_isle_minmay, uniq_robin
D:3:      layout_loops_corners, minmay_stone_trees_small,
          hangedman_decor_diamond_cutter
D:4:      layout_loops_ring, serial_bayou_pond_c, kennysheep_dice
D:5:      layout_cave_pools, serial_bayou, serial_bayou_lagoon_a,
          serial_bayou_shore_a, serial_bayou_pond_b, serial_bayou_pond_e,
          first_ration
D:6:      layout_layer_cave, uniq_duvessa
D:7:      layout_rooms, minmay_temple_entry_sparse_star, serial_undead,
          serial_undead_a, serial_undead_c, serial_undead_b, serial_undead_d,
          grunt_ogre_cave
D:8:      layout_basic, nicolae_overflow_quartered_altars, minmay_crystal_water,
          trog_butcher_becter, uniq_maurice
D:9:      layout_gridville, minmay_lair_entry_grove, special_room
          [special_room_orc], elyvilon_altar_3
Temple:   nicolae_temple_great_sept
Lair:1:   dpeg_oklob_gauntlet, layout_big_grid, st_stairs_8,
          chequers_serial_rivers_small_a, beast_lair_carwin_11, uniq_nergalle
Lair:2:   layout_misc_corridors, nicolae_spider_entry_orb_guardian,
          wad_woods_river_02, beast_lair_carwin_6
Lair:3:   layout_roguey
Lair:4:   layout_roguey, skrybe_swamp_entry_bodies, grunt_forest_stairs_basic

Skill      XL: |  1  2  3  4  5  6  7  8  9 10 11 12 |
---------------+-------------------------------------+-----
Spellcasting   | 5 6 7 8 |  8.9
Invocations    | 1 2 3 4 5 6 7 |  7.9
Fighting       | 1 2 3 4 5 6 7 |  7.2
Short Blades   | 1 2 3 4 5 6 7 |  7.2
Long Blades    | 1 2 3 4 5 6 7 |  7.2
Axes           | 1 2 3 4 5 6 7 |  7.2
Maces & Flails | 1 2 3 4 5 6 7 |  7.2
Polearms       | 1 2 3 4 5 6 7 |  7.2
Staves         | 1 2 3 4 5 6 7 |  7.2
Slings         | 1 2 3 4 5 6 7 |  7.2
Bows           | 1 2 3 4 5 6 7 |  7.2
Crossbows      | 1 2 3 4 5 6 7 |  7.2
Throwing       | 1 2 3 4 5 6 7 |  7.2
Armour         | 1 2 3 4 5 6 7 |  7.2
Shields        | 1 2 3 4 5 6 7 |  7.2
Unarmed Combat | 1 2 3 4 5 6 7 |  7.2
Evocations     | 1 2 3 4 5 6 7 |  7.2
Hexes          | 1 2 3 4 5 6 |  6.0
Charms         | 1 2 3 4 5 6 |  6.0
Summonings     | 1 2 3 4 5 6 |  6.0
Necromancy     | 1 2 3 4 5 6 |  6.0
Translocations | 1 2 3 4 5 6 |  6.0
Transmutations | 1 2 3 4 5 6 |  6.0
Fire Magic     | 1 2 3 4 5 6 |  6.0
Ice Magic      | 1 2 3 4 5 6 |  6.0
Air Magic      | 1 2 3 4 5 6 |  6.0
Earth Magic    | 1 2 3 4 5 6 |  6.0
Poison Magic   | 1 2 3 4 5 6 |  6.0
Dodging        | 5 6 7 8 |  8.6
Stealth        | 5 6 7 8 |  8.4
Conjurations   | 8 9 |  9.4

Action                   |  1- 3 |  4- 6 |  7- 9 | 10-12 || total
-------------------------+-------+-------+-------+-------++-------
Melee: Mace              |       |     6 |       |       ||     6
       Hand axe          |       |    30 |    55 |       ||    85
       Bite              |       |     1 |    11 |    23 ||    35
       Punch             |       |       |     4 |       ||     4
       Falchion          |       |       |    52 |   144 ||   196
       Great mace        |       |       |       |    48 ||    48
Throw: Throwing net      |       |       |       |     3 ||     3
 Cast: Magic Dart        |    57 |   103 |   147 |   136 ||   443
       Searing Ray       |       |    16 |    14 |     1 ||    31
       Dazzling Spray    |       |     3 |   120 |   228 ||   351
       Iskenderun's Myst |       |       |     4 |    24 ||    28
       Fulminant Prism   |       |       |       |    50 ||    50
       Summon Ice Beast  |       |       |       |     2 ||     2
       Summon Lightning  |       |       |       |     2 ||     2
       Sticky Flame      |       |       |       |     1 ||     1
Invok: Curse Item        |       |       |     2 |     1 ||     3
Evoke: Wand              |       |       |       |     4 ||     4
  Use: Scroll            |       |     4 |     6 |     6 ||    16
       Potion            |       |       |       |     1 ||     1
 Stab: Sleeping          |       |       |     4 |     9 ||    13
       Invisible         |       |       |     3 |    12 ||    15
       Distracted        |       |       |       |     1 ||     1
  Eat: Chunk             |       |     8 |    15 |    19 ||    42
       Ration            |       |       |     2 |     6 ||     8
Armor: Robe              |       |    12 |    27 |    44 ||    83
Dodge: Dodged            |       |    50 |   125 |   262 ||   437
Block: Buckler           |       |       |     4 |    70 ||    74
       Rpst.: Falchion   |       |       |    21 |    44 ||    65
